 Dungeon Crawl Stone Soup version 0.26-a0-663-g36e8fdb655 (webtiles) character file.

Game seed: 2073821985298652079

73 jiml777 the Grasshopper (level 4, 0/38 HPs)
             Began as a Gnoll Warper on Oct 11, 2020.
             Slain by an orc priest (3 damage)
             ... on level 3 of the Dungeon.
             The game lasted 00:08:32 (2971 turns).

jiml777 the Grasshopper (Gnoll Warper)              Turns: 2971, Time: 00:08:32

Health: 0/38       AC:  3    Str: 12 (13) XL:     4   Next: 27%
Magic:  11/11      EV: 14    Int: 13 (16) God:
Gold:   105        SH:  0    Dex: 13 (15) Spells: 11/13 levels left

rFire    . . .     SeeInvis .   a - +0 spear
rCold    . . .     Faith    .   (no shield)
rNeg     . . .     Spirit   .   b - +0 leather armour
rPois    .         Reflect  .   (no helmet)
rElec    .         Harm     .   (no cloak)
rCorr    .         Rampage  .   (no gloves)
MR       .....                  (no boots)
Stlth    +.........             (no amulet)
HPRegen  0.12/turn              o - ring of wizardry
MPRegen  0.12/turn              (no ring)

@: no status effects
A: distributed training, fangs 1, strong nose
a: no special abilities


You were on level 3 of the Dungeon.
You visited 1 branch of the dungeon, and saw 3 of its levels.

You collected 105 gold pieces.

Inventory:

Hand Weapons
 a - a +0 spear (weapon)
Missiles
 e - 5 boomerangs of dispersal
 f - 12 poisoned darts (quivered)
 h - 16 arrows
 j - 35 bolts
Armour
 b - a +0 leather armour (worn)
Jewellery
 o - a ring of wizardry (left hand)
Scrolls
 c - a scroll of remove curse {unknown}
 d - 2 scrolls of blinking
 g - a scroll of random uselessness {unknown}
 i - a scroll of fog {unknown}
 l - a scroll of identify {unknown}
 m - a scroll of enchant weapon {unknown}
 n - a scroll of noise {unknown}


   Skills:
 + Level 4.6 Fighting
 + Level 1.1 Short Blades
 + Level 1.1 Long Blades
 + Level 1.1 Axes
 + Level 1.1 Maces & Flails
 + Level 4.6 Polearms
 + Level 1.1 Staves
 + Level 1.1 Slings
 + Level 1.1 Bows
 + Level 1.1 Crossbows
 + Level 2.7 Throwing
 + Level 2.7 Armour
 + Level 4.6 Dodging
 + Level 1.1 Stealth
 + Level 1.1 Shields
 + Level 1.1 Unarmed Combat
 + Level 5.0 Spellcasting
 + Level 0.8 Conjurations
 + Level 0.8 Hexes
 + Level 0.8 Summonings
 + Level 0.8 Necromancy
 + Level 5.4 Translocations
 + Level 0.8 Transmutations
 + Level 0.8 Fire Magic
 + Level 0.8 Ice Magic
 + Level 0.8 Air Magic
 + Level 0.8 Earth Magic
 + Level 0.8 Poison Magic
 + Level 1.2 Invocations
 + Level 1.1 Evocations


You had 11 spell levels left.
You knew the following spells:

 Your Spells              Type           Power        Failure   Level
a - Blink                 Tloc           N/A          1%          2

Your spell library contained the following spells:

 Spells                   Type           Power        Failure   Level
 Gell's Gravitas          Tloc           ###.......   3%          3
 Lesser Beckoning         Tloc           ###.......   3%          3
 Teleport Other           Tloc           ###.....     3%          3
 Passage of Golubria      Tloc           N/A          10%         4


Dungeon Overview and Level Annotations

Branches:
Dungeon (3/15)

Altars:
Dithmenos
Nemelex Xobeh
Sif Muna
Uskayaw
Vehumet
Yredelemnul


Innate Abilities, Weirdness & Mutations

Your experience applies equally to all skills.
You have very sharp teeth.
Your uncanny sense of smell can sniff out nearby items.


Message History

* * * LOW HITPOINT WARNING * * *
You hit the orc priest but do no damage.
The orc priest hits you.
* * * LOW HITPOINT WARNING * * *
You hit the orc priest but do no damage.
You bite the orc priest, but do no damage.
The orc priest closely misses you.
You hit the orc priest. Your bite misses the orc priest.
The orc priest is lightly wounded.
An orc wizard appears from thin air!
Reactivating autopickup.
The orc priest hits you.
* * * LOW HITPOINT WARNING * * *
You barely miss the orc priest.
The orc priest is lightly wounded.
The orc priest misses you.
You hit the orc priest but do no damage.
The orc priest is lightly wounded.
The orc priest hits you.
You die...

#.. ..#.# ...#.#.#
#l#.#.####
..o...... #
#.w..##
###!.#.....###
#.......o..oo#
###.#..#.....#o#
.............#@# #
............#.#
##.##.####.###.#.#
...............#.#
....(......##..#.#
#####.##.#.##†.#.#
# #..............#
###.####.####..###
....# #.# #..#


You could see an orc priest, an orc wizard and an orc.

Vanquished Creatures
  3 adders (D:2)
  An ooze (D:1)
  An orc (D:3)
  A giant cockroach (D:1)
  6 goblins
  4 hobgoblins
  3 quokkas
  5 bats
  6 frilled lizards
  4 kobolds
  11 rats
45 creatures vanquished.

Notes
Turn   | Place    | Note
-------+----------+-------------------------------------------
     0 | D:1      | jiml777 the Gnoll Warper began the quest for the Orb.
     0 | D:1      | Reached XP level 1. HP: 20/20 MP: 6/6
   184 | D:1      | Reached XP level 2. HP: 25/26 MP: 7/7
  1003 | D:2      | Reached skill level 5 in Spellcasting
  1003 | D:2      | Reached XP level 3. HP: 11/31 MP: 7/9
  1395 | D:2      | Reached skill level 1 in Invocations
  1945 | D:2      | Reached skill level 1 in Short Blades
  1945 | D:2      | Reached skill level 1 in Long Blades
  1945 | D:2      | Reached skill level 1 in Axes
  1945 | D:2      | Reached skill level 1 in Maces & Flails
  1945 | D:2      | Reached skill level 1 in Staves
  1945 | D:2      | Reached skill level 1 in Slings
  1945 | D:2      | Reached skill level 1 in Bows
  1945 | D:2      | Reached skill level 1 in Crossbows
  1945 | D:2      | Reached skill level 1 in Stealth
  1945 | D:2      | Reached skill level 1 in Shields
  1945 | D:2      | Reached skill level 1 in Unarmed Combat
  1945 | D:2      | Reached skill level 1 in Evocations
  1971 | D:2      | Reached XP level 4. HP: 35/38 MP: 11/11
  2134 | D:2      | Found a hide-covered altar of Uskayaw.
  2135 | D:2      | Found a shimmering blue altar of Sif Muna.
  2136 | D:2      | Found a basalt altar of Yredelemnul.
  2136 | D:2      | Found a shadowy altar of Dithmenos.
  2158 | D:2      | Found a sparkling altar of Nemelex Xobeh.
  2381 | D:2      | Found a radiant altar of Vehumet.
  2839 | D:3      | Learned a level 2 spell: Blink
  2944 | D:3      | HP: 1/38 [orc (3)]
  2971 | D:3      | Slain by an orc priest

Illustrated notes

Levels and vault maps discovered:
D:1:      co_arrival_square_in_a_square_in_a_square, layout_basic,
          serial_rivers, chequers_serial_rivers_large_a,
          chequers_serial_rivers_micro_d, chequers_serial_rivers_large_b,
          chequers_serial_rivers_micro_d, chequers_serial_rivers_small_3,
          grunt_decor_one_mirror
D:2:      layout_basic, fiery_altar_vehumet, nemelex_xobeh_ov_fountains_minmay,
          grunt_temple_overflow_cloverleaf
D:3:      layout_loops_ring, elyvilon_altar_5,
          lemuel_zombie_altar_kikubaaqudgha, portal_sewer_entry_e, uniq_jessica

Skill      XL: |  1  2  3 |
---------------+----------+-----
Spellcasting   | 5 |  5.0
Invocations    | 1 |  1.2
Short Blades   | 1 |  1.1
Long Blades    | 1 |  1.1
Axes           | 1 |  1.1
Maces & Flails | 1 |  1.1
Staves         | 1 |  1.1
Slings         | 1 |  1.1
Bows           | 1 |  1.1
Crossbows      | 1 |  1.1
Stealth        | 1 |  1.1
Shields        | 1 |  1.1
Unarmed Combat | 1 |  1.1
Evocations     | 1 |  1.1
Fighting       | |  4.6
Polearms       | |  4.6
Throwing       | |  2.7
Armour         | |  2.7
Dodging        | |  4.6
Conjurations   | |  0.8
Hexes          | |  0.8
Summonings     | |  0.8
Necromancy     | |  0.8
Translocations | |  5.4
Transmutations | |  0.8
Fire Magic     | |  0.8
Ice Magic      | |  0.8
Air Magic      | |  0.8
Earth Magic    | |  0.8
Poison Magic   | |  0.8

Action                   |  1- 3 |  4- 6 || total
-------------------------+-------+-------++-------
Melee: Spear             |   128 |    95 ||   223
       Bite              |    13 |     9 ||    22
  Use: Potion            |     2 |     2 ||     4
 Stab: Sleeping          |     2 |     2 ||     4
Armor: Leather armour    |    20 |    16 ||    36
Dodge: Dodged            |    87 |    54 ||   141

Table legend: (Time is in decaauts)
 A = Elapsed time spent in this place.
 B = Non-inter-level travel time spent in this place.
 C = Inter-level travel time spent in this place.
 D = Time resting spent in this place.
 E = Time spent auto-exploring this place.
 F = Levels seen in this place.
 G = Mean time per level.
                   A        B        C        D        E       F      G
               +--------+--------+--------+--------+--------+-----+--------+
         Total |   2979 |   2921 |     58 |    874 |   1444 |   3 |  993.0 |
       Dungeon |   2979 |   2921 |     58 |    874 |   1444 |   3 |  993.0 |
               +--------+--------+--------+--------+--------+-----+--------+

Top non-repeatable levels by time:
     D:2: 1746 daAuts
     D:1: 1002 daAuts
     D:3: 229 daAuts
